 Dungeon Crawl Stone Soup version 0.30.0-5-g1a98f26d00 (webtiles) character file.

Game seed: 14307888547281173668

106 Demosthentine the Poker (level 4, 0/51 HPs)
             Began as a Demonspawn Gladiator on May 9, 2023.
             Succumbed to an adder's poison
             ... on level 3 of the Dungeon.
             The game lasted 00:01:34 (1765 turns).

Demosthentine the Poker (Demonspawn Gladiator)      Turns: 1765, Time: 00:01:35

Health: 0/51       AC: 22    Str: 22    XL:     4   Next: 55%
Magic:  4/4        EV:  2    Int:  9    God:
Gold:   87         SH:  0    Dex: 17    Spells: 3/3 levels left

rFire   . . .        a - +1 trident
rCold   . . .        (no shield)
rNeg    . . .        b - melded +0 leather armour
rPois   +            c - melded +1 helmet
rElec   .            (cloak currently unavailable)
rCorr   .            (gloves currently unavailable)
SInv    .            (boots currently unavailable)
Will    .....        (no amulet)
Stlth   +++          f - +6 ring of strength
HPRegen 0.28/turn    (no ring)
MPRegen 0.09/turn

%: no passive effects
@: mighty, brilliant, lethally poisoned (0 -> -1), tree-form, attractive
A: stationary, stasis, torment immunity, boosted hp, (weakness stinger 1), thin
skeletal structure 1, evolution 1
a: no special abilities


You were on level 3 of the Dungeon.
You were a tree.
You visited 1 branch of the dungeon, and saw 3 of its levels.

You collected 87 gold pieces.

Inventory:

Hand Weapons
 a - a +1 trident (weapon)
Missiles
 d - 3 throwing nets (quivered)
 e - a javelin
Armour
 b - a +0 leather armour (melded)
 c - a +1 helmet (melded)
Jewellery
 f - a +6 ring of strength (left branch)
Scrolls
 n - a scroll of fog
Potions
 h - a potion of attraction


   Skills:
 + Level 2.9 Fighting
 + Level 3.3 Polearms
 - Level 1.7 Throwing
 + Level 1.7 Armour
 + Level 3.3 Dodging


You had 3 spell levels left.
You didn't know any spells.
Your spell library contained the following spells:

 Spells                   Type           Power      Damage    Failure   Level
 Inner Flame              Hex/Fire       0%         N/A       77%         3
 Yara's Violent Unravell  Hex/Tmut       0%         3d3       100%        5
 Enfeeble                 Hex            0%         N/A       100%        7


Dungeon Overview and Level Annotations

Branches:
Dungeon (3/15)

Altars:


Innate Abilities, Weirdness & Mutations

You are a tree.
Your roots penetrate the ground, keeping you stationary.
You cannot be teleported.
You are immune to unholy pain and torment.
Your maximum health is greatly increased.
Your equipment is partially melded.
((You have a small tail.))
You have a somewhat thin skeletal structure. (Dex +2, Stealth+)
You have hidden genetic potential.


Message History

* * * LOW HITPOINT WARNING * * *
An orc comes into view. It is wielding a +0 flail.
The orc shouts!
You puncture the orc!
You kill the orc!
The adder bites you.
* * * LOW HITPOINT WARNING * * *
You are lethally poisoned!
The adder poisons you! The adder barely misses you.
You puncture the adder!
You kill the adder!
* * * LOW HITPOINT WARNING * * *
You feel sick.
It was a potion of attraction.
You feel attractive to monsters.
* * * LOW HITPOINT WARNING * * *
You feel sick. The orc is attracted toward you.
It was a potion of lignification.
You turn into a tree.
Your +1 helmet melds into your body.
Your +0 leather armour melds into your body.
Your roots penetrate the ground.
You feel sick. The orc hits you with a +0 flail.
* * * LOW HITPOINT WARNING * * *
The orc is attracted toward you.
It was a potion of mutation.
You feel extremely strange.
A venomous barb forms on the end of your tail.
The barb on your tail disappears.
You feel a hidden potential growing inside you.
Your bones become slightly less dense.
* * * LOW HITPOINT WARNING * * *
You feel sick. The orc hits you but does no damage.
It was a potion of brilliance.
You feel clever all of a sudden.
* * * LOW HITPOINT WARNING * * *
You feel sick. The orc hits you but does no damage.
Unknown command.
Unknown command.
You puncture the orc!
You kill the orc!
You die...

#. #.#### ####
####....# ...#
##.####.# ##
##.####.....)###.#
#.........##)#>#
######...####.###
##.##......# #
####.##.#♣# # #
#...†)o.# #
#....#.##§# #
......... .. #
..#.#..#.. ... # #
#........ .. #
......... .
####### #.# #.##.
.......


You could see an orc.

Vanquished Creatures
  2 orc wizards (D:3)
  An adder (D:3)
  2 worms (D:2)
  2 dart slugs
  2 orcs (D:3)
  5 endoplasms
  A giant cockroach (D:2)
  2 goblins (D:2)
  3 hobgoblins (D:2)
  3 jackals (D:2)
  3 quokkas
  3 ball pythons
  A bat (D:1)
  5 kobolds
  3 rats
38 creatures vanquished.

Notes
Turn   | Place    | Note
-------+----------+-------------------------------------------
     0 | D:1      | Demosthentine the Demonspawn Gladiator began the quest for
                  | the Orb.
     0 | D:1      | Reached XP level 1. HP: 16/16 MP: 1/1
   271 | D:1      | Gained mutation: You have a small tail. [demonic ancestry]
   271 | D:1      | Reached XP level 2. HP: 22/22 MP: 2/2
  1061 | D:2      | Reached skill level 1 in Armour
  1062 | D:2      | Reached XP level 3. HP: 19/28 MP: 3/3
  1245 | D:2      | Identified the +4 hand axe of Duty {vamp, rC- Str+4}
  1728 | D:3      | Reached XP level 4. HP: 30/34 MP: 4/4
  1762 | D:3      | HP: 2/51 [orc/+0 flail (2)]
  1763 | D:3      | Gained mutation: Your tail ends in a venomous barb. [potion
                  | of mutation]
  1763 | D:3      | Lost mutation: Your tail ends in a venomous barb. [potion
                  | of mutation]
  1763 | D:3      | Gained mutation: You have hidden genetic potential. [potion
                  | of mutation]
  1763 | D:3      | Gained mutation: You have a somewhat thin skeletal
                  | structure. (Dex +2, Stealth+) [potion of mutation]
  1765 | D:3      | Succumbed to an adder's poison

Illustrated notes

Levels and vault maps discovered:
D:1:      matt_arrival_spirals, layout_basic, minivault_26,
          amcnicky_mini_pool_small
D:2:      layout_loops_ring
D:3:      layout_loops_cross, elyvilon_altar_1, biasface_ghost_orc_armoury,
          serial_shops, nicolae_shop_stone, shop,
          nicolae_shop_tiny_real_fake_doors

Skill      XL: |  1  2 |
---------------+-------+-----
Polearms       | 3 |  3.3
Dodging        | 3 |  3.3
Armour         | 1 |  1.7
Fighting       | |  2.9
Throwing       | |  1.7

Action                     |  1- 3 |  4- 6 || total
---------------------------+-------+-------++-------
  Melee: Trident           |   118 |    17 ||   135
         Punch             |     1 |       ||     1
         Tailslap          |     5 |     1 ||     6
    Use: Scroll            |     6 |       ||     6
         Potion            |       |     5 ||     5
   Stab: Sleeping          |     3 |       ||     3
 Armour: Leather armour    |    36 |     2 ||    38
         Skin              |       |     2 ||     2
  Dodge: Dodged            |    74 |     4 ||    78
